 Dungeon Crawl Stone Soup version 0.31-a0-466-g98c9adc2b6 (webtiles) character file.

Game seed: 8733138608866698016

368 avis the Scratcher (level 6, -1/28 HPs)
             Began as a Felid Shapeshifter on Aug 5, 2023.
             Slain by a sleepcap (19 damage)
             ... on level 5 of the Dungeon.
             The game lasted 00:17:44 (3571 turns).

avis the Scratcher (Felid Shapeshifter)             Turns: 3571, Time: 00:17:44

Health: -1/28      AC:  2    Str: 17    XL:     6   Next: 41%
Magic:  6/8        EV:  4    Int: 15    God:
Gold:   228        SH:  0    Dex: 19    Spells: 5/7 levels left
                                        Lives:  0   Deaths: 1

rFire   . .          .
                       - Unarmed
rCold   . . .        (shield unavailable)
rNeg    . . .        (body armour unavailable)
rPois   .            (helmet unavailable)
rElec   .            (cloak unavailable)
rCorr   .            (gloves unavailable)
SInv    +            (boots unavailable)
Will    .....        (no amulet)
Stlth   +++          c - +6 ring of strength
HPRegen 0.24/turn    g - +6 ring of intelligence
MPRegen 0.11/turn

%: no passive effects
@: beast-form, sleeping, wereblooded, quick
A: beast (slay +2), very small, claws 1, fangs 3, see invisible, speed 1, shaggy
fur 2, stealthy paws, no weapons or thrown items, no armour, multi-lived
a: Begin Untransformation


You were on level 5 of the Dungeon.
You were a hulking beast.
You visited 1 branch of the dungeon, and saw 5 of its levels.

You collected 228 gold pieces.

Inventory:

Jewellery
 c - a +6 ring of strength (left paw)
 g - a +6 ring of intelligence (right paw)
 k - a ring of ice
Talismans
 b - a beast talisman (active)
Wands
 l - a wand of flame (30)
 s - a wand of polymorph (12)
Scrolls
 d - 6 scrolls of identify {unknown}
 e - 2 scrolls of teleportation {unknown}
 i - a scroll of revelation {unknown}
 n - a scroll of amnesia {unknown}
 p - a scroll of enchant armour {unknown}
 r - a scroll of enchant weapon {unknown}
 t - a scroll of fear {unknown}
Potions
 a - a potion of lignification
 f - 2 potions of heal wounds {unknown}
 h - 3 potions of curing {unknown}
 j - a potion of attraction {unknown}
 m - a potion of mutation {unknown}
 o - a potion of berserk rage {unknown}
 q - a potion of enlightenment {unknown}


   Skills:
 + Level 3.7 Fighting
 + Level 4.0 Dodging
 - Level 4.0 Stealth
 * Level 4.4 Unarmed Combat
 - Level 1.0 Spellcasting
 + Level 1.0 Transmutations
 + Level 3.8 Shapeshifting


You had 5 spell levels left.
You knew the following spells:

 Your Spells              Type           Power      Damage    Failure   Level
e - Wereblood             Tmut           3%         N/A       24%         2

Your spell library contained the following spells:

 Spells                   Type           Power      Damage    Failure   Level
 Sublimation of Blood     Necr           0%         N/A       36%         2
 Animate Dead             Necr           0%         N/A       94%         4
 Haunt                    Necr/Summ      0%         N/A       100%        7
 Summon Hydra             Summ           0%         N/A       100%        7
 Infestation              Necr           0%         N/A       100%        8


Dungeon Overview and Level Annotations

Branches:
Dungeon (5/15)
 Temple: D:4-7

Altars:
Ashenzari
Wu Jian
Xom

Annotations:
D:4 1 runed translucent door, osoart's ghost, novice OpBr


Innate Abilities, Weirdness & Mutations

You are a hulking beast.
Your limbs bulge with bestial killing power. (Slay +2)
You have sharp claws.
You have razor-sharp teeth.
You have supernaturally acute eyesight. (SInv)
You cover ground quickly. (Speed+)
You are covered in thick fur. (AC +2)
Your paws help you pounce on unaware monsters.
You are incapable of wielding weapons or throwing items.
You cannot wear armour.
You gain extra lives every three experience levels.


Message History

You climb upwards.
Level annotation: 1 runed translucent door, osoart's ghost, novice OpBr
There is a stone staircase leading down here.
Your primal bloodlust has ended.
There is a stone staircase leading up, spattered with blood here.
There is a stone staircase leading down, spattered with blood here.
You climb downwards.
There is a stone staircase leading up here.
Found a falchion.
You open the door.
Found a shimmering altar of Xom.
There is an open door here.
There is an open door here.
You see here a +0 ring mail.
An orc comes into view. It is wielding a +0 flail.
The orc shouts!
An orc and a sleepcap come into view.
Casting: Wereblood (quite dangerous; 24% risk of failure)
Confirm with . or Enter, or press ? or * to list all spells.
Your blood is infused with primal strength.
You scratch the orc.
The orc is severely wounded.
The orc hits you with a +0 flail.
You claw the orc!
You feel a bit better.
You kill the orc!
You scratch the sleepcap.
The sleepcap is lightly damaged.
You howl as the wereblood boils in your veins!
The sleepcap barely misses you.
You scratch the sleepcap.
The sleepcap is lightly damaged.
The sleepcap barely misses you.
You claw the sleepcap!
The sleepcap is heavily damaged.
The sleepcap releases spores at you!
You are engulfed in a cloud of soporific spores!
You fall asleep.
The sleepcap releases spores at you!!
Ouch! That really hurt!
You die...

......? ............
....... ####...........
....... ##..............
....... ................
....... ...............
....... ...............
....... ## #......o...
#.........##.####f........
...............h....#...#
# .....##..........####
..# # ...###..........# #
# ..# #...####...# ## ...
... #..## ####### ####. ..
##..# #.....###...# .
#...# #.♣.♣.#....## #..###
#.._..#...## ..
##....###.♣.♣.#..##


You could see a sleepcap and an orc.

Vanquished Creatures
  A sky beast (D:5)
  A scorpion (D:4)
  An orc priest (D:4)
  2 hounds
  2 iguanas (D:4)
  An orc wizard (D:4)
  3 adders (D:2)
  A worm (D:2)
  A dart slug (D:2)
  12 orcs
  4 bats
  5 endoplasms
  6 goblins
  2 hobgoblins
  5 quokkas
  6 ball pythons
  A frilled lizard (D:1)
  8 kobolds
  3 rats
65 creatures vanquished.

Notes
Turn   | Place    | Note
-------+----------+-------------------------------------------
     0 | D:1      | avis the Felid Shapeshifter began the quest for the Orb.
     0 | D:1      | Reached XP level 1. HP: 9/9 MP: 2/2
   133 | D:1      | Reached skill level 1 in Stealth
   273 | D:1      | Reached XP level 2. HP: 12/12 MP: 3/3
   727 | D:2      | Reached XP level 3. HP: 16/16 MP: 4/4
  1330 | D:3      | Found a broken altar of Ashenzari.
  1672 | D:3      | Learned a level 2 spell: Wereblood
  1769 | D:3      | Reached XP level 4. HP: 12/21 MP: 5/5
  1959 | D:4      | Noticed a scorpion
  2055 | D:3      | Slain by a hound
  2056 | D:3      | Reached XP level 3. HP: 0/17 MP: 4/4
  2075 | D:3      | Reached XP level 4. HP: 21/21 MP: 5/5
  2370 | D:5      | Entered Level 5 of the Dungeon
  2418 | D:4      | Noticed a sky beast
  2513 | D:5      | HP: 1/21 [sky beast (6)]
  2518 | D:5      | Killed a sky beast
  2519 | D:5      | Reached skill level 1 in Transmutations
  2519 | D:5      | Reached XP level 5. HP: 4/24 MP: 6/6
  2813 | D:4      | Gained mutation: You are covered in thick fur. (AC +2)
                  | [Felid growth]
  2813 | D:4      | Reached XP level 6. HP: 25/28 MP: 7/7
  2924 | D:4      | Found an ornate altar of the Wu Jian Council.
  2958 | D:4      | HP: 1/28 [orc priest/divine providence (15)]
  3196 | D:4      | Reached skill level 1 in Spellcasting
  3263 | D:4      | Found a runed translucent door.
  3267 | D:4      | Noticed osoart's ghost (novice OpBr)
  3508 | D:5      | Found a shimmering altar of Xom.
  3571 | D:5      | Slain by a sleepcap

Illustrated notes

Levels and vault maps discovered:
D:1:      saegor_arrival_simple_a, layout_basic
D:2:      layout_basic
D:3:      layout_basic, mainiacjoe_overflow_tiny_flanked, minmay_misc_feat_iff,
          serial_bayou_pond_d, chequers_serial_rivers_micro_e
D:4:      layout_rooms, nzn_wu_jian_council_hall, ebering_ghost_reflecting_pool
D:5:      layout_layer_cave, kennysheep_little_box, uniq_prince_ribbit1

Skill      XL: |  1  2  3  4  5  6 |
---------------+-------------------+-----
Stealth        | 2 3 4 |  4.0
Fighting       | 2 3 |  3.7
Dodging        | 3 4 |  4.0
Transmutations | 1 |  1.0
Unarmed Combat | 4 |  4.4
Spellcasting   | 1 |  1.0
Shapeshifting  | |  3.8

Action                     |  1- 3 |  4- 6 || total
---------------------------+-------+-------++-------
  Melee: Unarmed           |    85 |    98 ||   183
         Punch             |     3 |     1 ||     4
         Bite              |     6 |     7 ||    13
   Cast: Wereblood         |       |     3 ||     3
    Use: Potion            |       |     2 ||     2
   Stab: Sleeping          |     9 |     3 ||    12
 Armour: Skin              |     2 |    19 ||    21
  Dodge: Dodged            |    47 |    73 ||   120

Table legend: (Time is in decaauts)
 A = Elapsed time spent in this place.
 B = Non-inter-level travel time spent in this place.
 C = Inter-level travel time spent in this place.
 D = Time resting spent in this place.
 E = Time spent auto-exploring this place.
 F = Levels seen in this place.
 G = Mean time per level.
                   A        B        C        D        E       F      G
               +--------+--------+--------+--------+--------+-----+--------+
         Total |   3078 |   2742 |    336 |    740 |   1265 |   5 |  615.6 |
       Dungeon |   3078 |   2742 |    336 |    740 |   1265 |   5 |  615.6 |
               +--------+--------+--------+--------+--------+-----+--------+

Top non-repeatable levels by time:
     D:3: 827 daAuts
     D:4: 703 daAuts
     D:2: 647 daAuts
     D:1: 509 daAuts
     D:5: 390 daAuts
